 Dungeon Crawl Stone Soup version 0.29.1-2-gbd0b4ee654 (webtiles) character file.

Game seed: 8105871065072567181

312 Firos the Changer (level 6, -3/45 HPs)
             Began as an Octopode Transmuter on Nov 8, 2022.
             Slain by Frank's ghost (13 damage)
             ... on level 3 of the Dungeon.
             The game lasted 00:06:23 (2998 turns).

Firos the Changer (Octopode Transmuter)             Turns: 2998, Time: 00:06:24

Health: -3/45      AC:  7    Str:  9    XL:     6   Next: 42%
Magic:  8/11       EV: 10    Int: 23    God:
Gold:   133        SH:  0    Dex: 13    Spells: 2/12 levels left

rFire   x . .      SeeInvis .     - Unarmed
rCold   + + +      Faith    .   (shield currently unavailable)
rNeg    . . .      Spirit   .   (helmet currently unavailable)
rPois   +          Reflect  .   (no amulet)
rElec   .          Harm     .   d - ring of resist corrosion
rCorr   +          Rampage  .   g - +6 ring of intelligence
Will    .....                   (no ring)
Stlth   +.........              (no ring)
HPRegen 0.15/turn               (no ring)
MPRegen 0.12/turn               (no ring)
                                (no ring)
                                (no ring)

@: about to teleport, ice-form
A: freezing attack, boosted hp, almost no armour, amphibious, 8 rings, large,
(camouflage 1), (gelatinous body 1), (nimble swimmer 1), (tentacles)
a: End Transformation


You were on level 3 of the Dungeon.
You were a creature of crystalline ice.
You visited 1 branch of the dungeon, and saw 3 of its levels.

You collected 133 gold pieces.

Inventory:

Jewellery
 d - a ring of resist corrosion (left front paw)
 g - a +6 ring of intelligence (right front paw)
Scrolls
 h - a scroll of identify
Potions
 a - a potion of lignification
 b - a potion of invisibility
 c - a potion of haste
 e - a potion of brilliance
 i - a potion of magic {unknown}
 j - a potion of cancellation
 k - a potion of degeneration {unknown}


   Skills:
 - Level 1.0 Fighting
 - Level 2.0 Dodging
 - Level 3.0 Unarmed Combat
 + Level 3.8 Spellcasting
 * Level 5.5 Transmutations


You had 2 spell levels left.
You knew the following spells:

 Your Spells              Type           Power      Damage    Failure   Level
a - Beastly Appendage     Tmut           58%        N/A       1%          1
b - Wereblood             Tmut           29%        N/A       1%          2
c - Spider Form           Tmut/Pois      17%        N/A       11%         3
d - Ice Form              Ice/Tmut       17%        N/A       34%         4

Your spell library contained the following spells:

 Spells                   Type           Power      Damage    Failure   Level
 Necrotise                Necr           16%        1d4       11%         1
 Vampiric Draining        Necr           4%         2d6       32%         3
 Agony                    Necr           4%         N/A       96%         5


Dungeon Overview and Level Annotations

Branches:
Dungeon (3/15)

Altars:

Shops:
D:1 [

Annotations:
D:3 Frank's ghost, amateur DgFi


Innate Abilities, Weirdness & Mutations

You are a creature of crystalline ice.
You have a powerful freezing melee attack.
Your maximum health is increased.
Your armour is entirely melded.
You are incapable of wielding weapons or throwing items.
You cannot wear most types of armour.
You are amphibious.
You can wear up to eight rings at the same time.
((Your skin changes colour to match your surroundings (Stealth+).))
((Your rubbery body absorbs attacks. (AC +1, EV +1)))
((You are camouflaged when in or above water. (Stealth+)))
((You have tentacles for arms and can constrict up to eight enemies at once.))


Message History

Found a stone staircase leading down.
Found an escape hatch in the floor.
Found a stone staircase leading down.
Found a runed translucent door.
Frank's ghost turns its malevolent gaze towards you.
Okay, then.
Casting: Spider Form (dangerous; 11% risk of failure)
Confirm with . or Enter, or press ? or * to list all spells.
The spell is extremely dangerous to miscast (34% risk of failure)!
Continue anyway?
You turn into a creature of crystalline ice.
You open the door. You punch Frank's ghost! You freeze Frank's ghost.
Frank's ghost is moderately damaged.
Frank's ghost barely misses you.
You barely miss Frank's ghost.
Frank's ghost is moderately damaged.
Frank's ghost hits you.
You hit Frank's ghost. You freeze Frank's ghost.
Frank's ghost is moderately damaged.
Frank's ghost hits you but does no damage.
You barely miss Frank's ghost.
Frank's ghost is moderately damaged.
Frank's ghost hits you.
You completely miss Frank's ghost.
Frank's ghost is moderately damaged.
Frank's ghost hits you.
You hit Frank's ghost but do no damage.
Frank's ghost is moderately damaged.
Frank's ghost hits you!
You hit Frank's ghost but do no damage.
Frank's ghost is moderately damaged.
Frank's ghost hits you.
You hit Frank's ghost but do no damage.
Frank's ghost is moderately damaged.
You hit Frank's ghost. You freeze Frank's ghost.
Frank's ghost is moderately damaged.
Frank's ghost hits you!
* * * LOW HITPOINT WARNING * * *
As you read the scroll of teleportation, it crumbles to dust.
You feel strangely unstable. Frank's ghost hits you!
You die...

###### #### #####
#....# ...#
##...#####....#
...#
#.............#
...#
#.Y.######....#
...# ##W##
#....##### ...#
#.$.# #....#...#
...#### #P8P#
#....#.#..
<.....#############
#....#.#..
...##.##.....<#
#..#......
.####.##......#
##......... .#
#.##......#
###.......... .#
#.........#
##.......##.#.


You could see Frank's ghost.

Vanquished Creatures
  Jessica (D:2)
  Natasha (thrice) (D:2)
  An orc wizard (D:3)
  Robin (D:2)
  8 gnolls
  2 adders
  A dart slug (D:1)
  8 orcs (D:3)
  5 bats
  4 endoplasms
  2 giant cockroaches
  10 goblins
  10 hobgoblins
  6 kobolds
  4 quokkas
  5 ball pythons
  2 frilled lizards
  A rat (D:1)
74 creatures vanquished.

Notes
Turn   | Place    | Note
-------+----------+-------------------------------------------
     0 | D:1      | Firos the Octopode Transmuter began the quest for the Orb.
     0 | D:1      | Reached XP level 1. HP: 13/13 MP: 3/3
   344 | D:1      | Reached XP level 2. HP: 18/18 MP: 5/5
   347 | D:1      | Learned a level 2 spell: Wereblood
   400 | D:1      | Found a faded altar of an unknown god.
   588 | D:1      | Found Liawef's Armour Shop.
   676 | D:1      | Reached skill level 3 in Transmutations
   789 | D:1      | Reached XP level 3. HP: 23/23 MP: 6/6
   793 | D:1      | Learned a level 3 spell: Spider Form
   892 | D:2      | Noticed Jessica
   897 | D:2      | Killed Jessica
   904 | D:2      | Reached XP level 4. HP: 26/28 MP: 3/8
  1133 | D:2      | Noticed Robin
  1147 | D:2      | Killed Robin
  1320 | D:2      | Noticed Natasha
  1331 | D:2      | Killed Natasha
  1332 | D:2      | Reached skill level 4 in Transmutations
  1379 | D:2      | Noticed Natasha
  1402 | D:2      | Killed Natasha
  1403 | D:2      | Reached XP level 5. HP: 17/33 MP: 6/9
  1631 | D:2      | Noticed Natasha
  1643 | D:2      | Killed Natasha
  2005 | D:3      | Reached skill level 5 in Transmutations
  2029 | D:3      | Learned a level 4 spell: Ice Form
  2239 | D:3      | Reached XP level 6. HP: 30/38 MP: 5/11
  2464 | D:3      | Identified the +5 ring mail of Dailaoqu {rPois rF++ rC+}
  2983 | D:3      | Found a runed translucent door.
  2984 | D:3      | Noticed Frank's ghost (amateur DgFi)
  2998 | D:3      | Slain by Frank's ghost

Illustrated notes

Levels and vault maps discovered:
D:1:      giann_bridges, layout_rooms, shapermc_ecumenical_altar_totnotflames,
          serial_shops, shop_fountains, kennysheep_nondescript, st_stairs_5,
          grunt_decor_cap, hangedman_abyss_or_decor_stabs
D:2:      layout_rooms, uniq_jessica, uniq_robin, uniq_natasha
D:3:      layout_rooms, gammafunk_ghost_grave, minivault_4

Skill      XL: |  1  2  3  4  5 |
---------------+----------------+-----
Transmutations | 3 4 5 |  5.5
Spellcasting   | 3 |  3.8
Fighting       | |  1.0
Dodging        | |  2.0
Unarmed Combat | |  3.0

Action                   |  1- 3 |  4- 6 || total
-------------------------+-------+-------++-------
Melee: Unarmed           |    43 |   151 ||   194
       Constrict         |    14 |     9 ||    23
       Tentacles         |    13 |     8 ||    21
       Punch             |     1 |     1 ||     2
       Kick              |     3 |       ||     3
 Cast: Beastly Appendage |     1 |       ||     1
       Spider Form       |     1 |    12 ||    13
       Wereblood         |       |     4 ||     4
       Ice Form          |       |     1 ||     1
  Use: Scroll            |     5 |     8 ||    13
       Potion            |       |     2 ||     2
 Stab: Sleeping          |     4 |     2 ||     6
       Invisible         |       |     1 ||     1
Armor: Skin              |     2 |     8 ||    10
Dodge: Dodged            |    28 |   122 ||   150
